 Dungeon Crawl Stone Soup version 0.29-a0-72-g1732ff48e7 (webtiles) character file.

Game seed: 8876105948790386779

69 robertstho the Skirmisher (level 4, -5/45 HPs)
             Began as a Troll Delver on Feb 3, 2022.
             Was an Initiate of Qazlal.
             Slain by an iguana (13 damage)
             ... on level 4 of the Dungeon.
             The game lasted 00:00:47 (71 turns).

robertstho the Skirmisher (Troll Delver)              Turns: 71, Time: 00:00:47

Health: -5/45      AC:  4    Str: 20    XL:     4   Next: 2%
Magic:  3/3        EV: 10    Int:  8    God:    Qazlal [......]
Gold:   0          SH:  0    Dex: 11    Spells: 3/3 levels left

rFire   . . .      SeeInvis .     - Unarmed
rCold   . . .      Faith    .   (no shield)
rNeg    . . .      Spirit   .   a - +0 robe
rPois   .          Reflect  .   (helmet restricted)
rElec   .          Harm     .   (no cloak)
rCorr   .          Rampage  .   (gloves unavailable)
Will    .....                   (boots unavailable)
Stlth   ++........              (no amulet)
HPRegen 0.95/turn               (no ring)
MPRegen 0.08/turn               (no ring)

@: no status effects
A: large, unfitting armour, claws 3, regeneration 1, shaggy fur 1, tough skin 1
a: Renounce Religion


You were on level 4 of the Dungeon.
You worshipped Qazlal.
Qazlal was noncommittal.
You visited 1 branch of the dungeon, and saw 2 of its levels.

Inventory:

Armour
 a - a +0 robe (worn)
Wands
 f - a wand of digging (3)
Scrolls
 b - a scroll of fog
 c - a scroll of magic mapping
 d - a scroll of fear
Potions
 e - a potion of curing {unknown}


   Skills:
 * Level 3.1 Fighting
 + Level 1.7 Dodging
 - Level 2.7 Stealth
 * Level 2.7 Unarmed Combat
 * Level 1.2 Evocations


You had 3 spell levels left.
You didn't know any spells.
Your spell library was empty.

Dungeon Overview and Level Annotations

Branches:
Dungeon (5/15)
 Temple: D:4-7

Altars:
Makhleb
Qazlal
Wu Jian


Innate Abilities, Weirdness & Mutations

You are too large for most types of armour.
You have claws for hands.
Your natural rate of healing is unusually fast.
You are covered in fur. (AC +1)
You have tough skin. (AC +1)


Message History

The howler monkey howls!
The howler monkey hoots and howls with incredible vigour!
There is a burning altar of Makhleb here.
There is a stormy altar of Qazlal here.
You kneel at the altar of Qazlal.
Qazlal welcomes you!
Qazlal grants you and your divine allies immunity to clouds.
The jelly hits you but does no damage.
There is a burning altar of Makhleb here.
The howler monkey closely misses you.
A quokka comes into view.
The howler monkey hoots and howls with incredible vigour!
You hear an angry hiss. x2
Your extra speed is starting to run out.
An iguana comes into view.
There is a stone staircase leading up here.
You climb upwards.
Found 11 gold pieces.
Found a stone staircase leading down.
There is a stone staircase leading down here.
Found 11 gold pieces.
The iguana bites you.
You scratch the iguana but do no damage.
You feel yourself slow down.
The iguana bites you but does no damage.
You closely miss the iguana. You barely miss the iguana. The iguana bites you.
You scratch the iguana.
The iguana is moderately wounded.
The iguana bites you!
You claw the iguana!
The iguana is severely wounded.
The iguana bites you.
You closely miss the iguana.
The iguana is severely wounded.
The iguana bites you!
* * * LOW HITPOINT WARNING * * *
You barely miss the iguana.
The iguana is severely wounded.
The iguana bites you!
You die...

#.....# .. .
.##.....###.##..
..............
.........##.# #
#...........## .#
#......>.....##..#.
#..................
#........>..$......
#........#.@l......
#........#.##......
+....#####.. .....
#.... #... ....
..... #.... $..
#...# .. #..## # ..


You could see an iguana.

Vanquished Creatures
  A howler monkey (D:5)
  An orc priest (D:5)
  An orc (D:5)
3 creatures vanquished.

Notes
Turn   | Place    | Note
-------+----------+-------------------------------------------
     0 | D:5      | robertstho the Troll Delver began the quest for the Orb.
     0 | D:5      | Reached XP level 1. HP: 22/22 MP: 0/0
     2 | D:5      | Noticed an orc priest
    10 | D:5      | Killed an orc priest
    11 | D:5      | Reached XP level 2. HP: 2/29 MP: 1/1
    11 | D:5      | Reached XP level 3. HP: 3/36 MP: 2/2
    32 | D:5      | Reached skill level 3 in Fighting
    32 | D:5      | Reached skill level 1 in Evocations
    32 | D:5      | Reached XP level 4. HP: 9/45 MP: 3/3
    35 | D:5      | Found an ornate altar of the Wu Jian Council.
    36 | D:5      | Found a stormy altar of Qazlal.
    37 | D:5      | Found a burning altar of Makhleb.
    52 | D:5      | Became a worshipper of Qazlal Stormbringer
    71 | D:4      | Slain by an iguana

Illustrated notes

Levels and vault maps discovered:
D:4:      layout_basic, minmay_temple_entry_trees, uniq_menkaure
D:5:      layout_rooms, chequers_temple_overflow_statue_of_worship,
          uniq_crazy_yiuf_cottage

Skill      XL: |  1  2  3 |
---------------+----------+-----
Fighting       | 3 |  3.1
Evocations     | 1 |  1.2
Dodging        | |  1.7
Stealth        | |  2.7
Unarmed Combat | |  2.7

Action                   |  1- 3 |  4- 6 || total
-------------------------+-------+-------++-------
Melee: Unarmed           |    11 |     7 ||    18
  Use: Potion            |     1 |       ||     1
 Stab: Sleeping          |     1 |       ||     1
Armor: Robe              |     1 |     2 ||     3
Dodge: Dodged            |     1 |     1 ||     2

Table legend: (Time is in decaauts)
 A = Elapsed time spent in this place.
 B = Non-inter-level travel time spent in this place.
 C = Inter-level travel time spent in this place.
 D = Time resting spent in this place.
 E = Time spent auto-exploring this place.
 F = Levels seen in this place.
 G = Mean time per level.
                   A        B        C        D        E       F      G
               +--------+--------+--------+--------+--------+-----+--------+
         Total |     50 |     50 |      0 |      0 |      1 |   2 |   25.0 |
       Dungeon |     50 |     50 |      0 |      0 |      1 |   2 |   25.0 |
               +--------+--------+--------+--------+--------+-----+--------+

Top non-repeatable levels by time:
     D:5: 42 daAuts
     D:4: 8 daAuts
